[Event "Saturday Apr 14 Engine Tour 9 Rd Swiss 12m+1s Starts at 1600hrs ST"]
[Site "Infinity Chess"]
[Date "2018.4.14"]
[Round "9"]
[White "Thinker"]
[Black "Seliga"]
[Result "1/2-1/2"]
[ECO "C50"]
[WhiteElo "2434"]
[BlackElo "2458"]
[WhiteEngine "BrainFish_180408_x64_modern_CTG"]
[BlackEngine "SF9 ''A5x''_CTG"]
[EventType "Swiss"]
[WhiteTeam ""]
[BlackTeam ""]
[PlyCount "187"]
[TimeControl "720+1"]

1. e4 e5 2. Nf3 Nc6 3. Bc4 Bc5 4. d3 Nf6 5. c3 O-O 6. a4 a5 7. O-O d6 8. Re1 h6 
9. h3 Be6 10. Nbd2 Ba7 11. Bxe6 fxe6 12. Nf1 d5 13. Qc2 Qe7 14. Qb3 Qd6 
15. Be3 d4 16. Bd2 Bb6 17. N1h2 Nd7 18. Qc4 Rad8 19. Red1 Kh7 20. Qb5 Na7 
21. Qc4 dxc3 22. Bxc3 Nc6 23. Qb5 Nd4 24. Bxd4 exd4 25. Qh5 e5 26. Ng5+ Kg8 
27. Ngf3 c6 28. Nh4 Qf6 29. Nf5 Bc7 30. Rdc1 Qf7 31. Qxf7+ Kxf7 32. Nf3 Rde8 
33. Kf1 h5 34. Nd2 g6 35. Nh4 Rg8 36. g3 Ke7 37. Rab1 Kd8 38. b4 axb4 
39. Rxb4 Kc8 40. Nc4 Re6 41. a5 Rf8 42. Rcb1 Nc5 43. Ke2 Ref6 44. f3 Re6 
45. Ra1 Kb8 46. Rc1 Ka7 47. Nb6 Na6 48. Rb2 Rg8 49. Kf2 Bd6 50. Rcb1 Nc5 
51. Ke2 Ka6 52. Rc1 Ree8 53. Nc4 Bc7 54. Nb6 Bd6 55. Rbc2 Ne6 56. Rb1 Bc7 
57. Nc4 Ka7 58. Rcb2 Nc5 59. Nb6 Rd8 60. Rc2 Ne6 61. Nc4 Ka6 62. Rcb2 Nc5 
63. Ra2 Rg7 64. Nb6 Rdg8 65. Rc2 Ne6 66. Nc4 Rf7 67. Rcc1 Rfg7 68. Rg1 Rf7 
69. Nb6 Rgg7 70. Rb2 Ka7 71. Rh1 Nc5 72. Rf1 Rf8 73. Rfb1 Ka6 74. Rc1 Ne6 
75. Nc4 Ka7 76. Rbb1 Rff7 77. Rc2 Ka6 78. Rcb2 Nc5 79. Rb6+ Ka7 80. R6b4 Re7 
81. Nb6 Re8 82. Rc1 Ne6 83. Rb2 Rh7 84. Rh1 Rg7 85. Rhb1 Rf8 86. Nc4 Nc5 
87. Ra2 Rf6 88. Ra3 Re6 89. Kf2 Rf7 90. Rc1 Ref6 91. Rb1 Kb8 92. Kg2 Kc8 
93. Rc1 Na6 94. Rd1 1/2-1/2

[Event "Saturday Apr 14 Engine Tour 9 Rd Swiss 12m+1s Starts at 1600hrs ST"]
[Site "Infinity Chess"]
[Date "2018.4.14"]
[Round "9"]
[White "MCDermont"]
[Black "localhero"]
[Result "1-0 "]
[ECO "C55"]
[WhiteElo "2485"]
[BlackElo "2436"]
[WhiteEngine "BrainFish 090218"]
[BlackEngine "asmFishW_2017-10-04_popcnt"]
[EventType "Swiss"]
[WhiteTeam ""]
[BlackTeam ""]
[PlyCount "187"]
[TimeControl "720+1"]

1. e4 e5 2. Nf3 Nc6 3. Bc4 Nf6 4. d3 Bc5 5. c3 d6 6. O-O a5 7. Nbd2 O-O 
8. Re1 h6 9. Nf1 a4 10. h3 Ra5 11. Ng3 Bb6 12. Rb1 Be6 13. Bxe6 fxe6 
14. Be3 Bxe3 15. Rxe3 Nd7 16. Qe2 Nb6 17. d4 Qf6 18. Rd1 Rf7 19. Nf1 Ra8 
20. Ng3 Raf8 21. b3 exd4 22. cxd4 d5 23. Qe1 Qd8 24. Rd2 Qd7 25. Nh4 Ne7 
26. e5 Rf4 27. Nf3 Nbc8 28. Qd1 axb3 29. axb3 Na7 30. Rc2 R4f7 31. Nh5 Ng6 
32. Ne1 Rf5 33. Ng3 R5f7 34. Nh5 Rf5 35. g4 R5f7 36. Ng2 Nc6 37. Rce2 Qe8 
38. Rd3 Nb4 39. Rg3 Nc6 40. b4 b5 41. Rd2 Qe7 42. Rb2 Qe8 43. h4 Nge7 44. Ne3 g6 
45. Nf6+ Rxf6 46. exf6 Rxf6 47. g5 Rf4 48. Ng4 Qf8 49. Nxh6+ Kh7 50. Ng4 Nxd4 
51. Nf6+ Rxf6 52. gxf6 Qxf6 53. Ra2 Nef5 54. Rh3 e5 55. Qc1 Qf7 56. Qc5 Ng7 
57. Ra8 Qf5 58. Qf8 Qxf8 59. Rxf8 Nge6 60. Rf7+ Kh6 61. Kf1 c6 62. Rc3 Nd8 
63. Rd7 N8e6 64. Re7 Nf4 65. Rxe5 Kg7 66. Rg5 Kf6 67. Ke1 Nfe6 68. Rg4 Kf5 
69. Rgg3 Kf6 70. Kd2 Nd8 71. Rg5 N8e6 72. Rg4 Kf5 73. Rgg3 Nf4 74. Ke3 Nfe6 
75. Rd3 Nc2+ 76. Kd2 Ncd4 77. Rde3 Nf4 78. Re8 Nde6 79. Rc3 Kg4 80. Rxc6 Nd4 
81. Rb6 Nf5 82. Rf8 Nxh4 83. Rxb5 Nf3+ 84. Kd1 g5 85. Ra5 Ne5 86. b5 Nc4 
87. Ra6 Nd3 88. Kc2 Nc5 89. Rc6 Nd7 90. Rd8 Ndb6 91. Rf6 Kh3 92. Kd3 g4 
93. Kd4 Na4 94. Rxd5 1-0

[Event "Saturday Apr 14 Engine Tour 9 Rd Swiss 12m+1s Starts at 1600hrs ST"]
[Site "Infinity Chess"]
[Date "2018.4.14"]
[Round "9"]
[White "Murx"]
[Black "Susanne"]
[Result "1/2-1/2"]
[ECO "B32"]
[WhiteElo "2484"]
[BlackElo "2496"]
[WhiteEngine "asmFishW_2018-04-07_popcnt"]
[BlackEngine "BrainFish_180411_x64_bmi2_CTG"]
[EventType "Swiss"]
[WhiteTeam ""]
[BlackTeam ""]
[PlyCount "105"]
[TimeControl "720+1"]

1. e4 c5 2. Nf3 Nc6 3. d4 cxd4 4. Nxd4 e5 5. Nb5 d6 6. N1c3 a6 7. Na3 b5 
8. Nd5 Nf6 9. Bg5 Be7 10. Bxf6 Bxf6 11. c3 Rb8 12. Nc2 Bg5 13. a4 bxa4 
14. Ncb4 Nxb4 15. Nxb4 Bd7 16. Bxa6 Qa5 17. Qxd6 Rb6 18. Qd3 Be6 19. Bc4 Rxb4 
20. Bxe6 Rd4 21. Qf3 O-O 22. Bd5 Bd2+ 23. Ke2 Qa6+ 24. c4 Bb4 25. Rhd1 Rxd1 
26. Rxd1 Bc5 27. g3 Qb6 28. Rd2 g6 29. Kf1 Qb4 30. Rc2 Kg7 31. Kg2 h5 
32. Qd3 Rb8 33. Qf3 Qb3 34. Qxb3 Rxb3 35. f3 Rb6 36. f4 exf4 37. gxf4 f6 
38. Kf3 Rb3+ 39. Kg2 h4 40. e5 fxe5 41. fxe5 g5 42. Bc6 g4 43. Kf1 Rb4 
44. Bd7 Bd4 45. e6 Kf6 46. c5 Rxb2 47. Rxb2 Bxb2 48. Bxa4 Kxe6 49. Kg2 Kf5 
50. Kf2 Bd4+ 51. Kg2 Bxc5 52. Bd7+ Kg5 53. Bxg4 1/2-1/2

[Event "Saturday Apr 14 Engine Tour 9 Rd Swiss 12m+1s Starts at 1600hrs ST"]
[Site "Infinity Chess"]
[Date "2018.4.14"]
[Round "9"]
[White "Thor"]
[Black "Marsell"]
[Result "1/2-1/2"]
[ECO "C55"]
[WhiteElo "2487"]
[BlackElo "2456"]
[WhiteEngine "asmFishW_2018-04-08_bmi2"]
[BlackEngine "BrainFish_180408_x64_bmi2"]
[EventType "Swiss"]
[WhiteTeam ""]
[BlackTeam ""]
[PlyCount "160"]
[TimeControl "720+1"]

1. e4 e5 2. Nf3 Nc6 3. Bc4 Nf6 4. d3 Bc5 5. O-O d6 6. c3 O-O 7. Nbd2 a6 
8. a4 Ne7 9. Re1 Ng6 10. h3 h6 11. Nf1 c6 12. Bb3 Bb6 13. Ng3 d5 14. d4 exd4 
15. e5 Ne4 16. Nxe4 dxe4 17. Nxd4 Qh4 18. Qc2 Bxd4 19. cxd4 Bf5 20. Ra3 Rad8 
21. Qc5 Nf4 22. Bxf4 Qxf4 23. Qc3 c5 24. d5 Rfe8 25. Qxc5 Qxe5 26. Qc3 Qd6 
27. Qd4 Bd7 28. Ba2 f5 29. Rg3 Re7 30. Rb3 b5 31. a5 Kh7 32. Rbe3 Bc6 
33. Qb6 Bxd5 34. Rd1 Qxb6 35. axb6 Red7 36. Rxd5 Rxd5 37. Bxd5 Rxd5 38. Ra3 Rd7 
39. Rxa6 Rb7 40. Kf1 Kg6 41. Ke1 f4 42. g3 Kf5 43. gxf4 Kxf4 44. Ra7 Rxb6 
45. Rxg7 Ke5 46. Ke2 Rc6 47. Re7+ Kf6 48. Rxe4 Rc2+ 49. Kf3 Rxb2 50. Rh4 b4 
51. Rxh6+ Ke5 52. h4 Kd4 53. h5 b3 54. Ra6 Rb1 55. h6 Rh1 56. Rb6 Kc3 
57. Rc6+ Kb4 58. Kg2 Ka5 59. Rc5+ Ka4 60. Rc4+ Ka3 61. Kxh1 b2 62. Rc3+ Kb4 
63. Rc7 b1=Q+ 64. Kh2 Qa1 65. h7 Qh8 66. Kh3 Qa1 67. Rf7 Qd4 68. Kg3 Qh8 
69. Kg4 Kc5 70. Kf5 Kd5 71. f3 Qe8 72. Kf6 Kd6 73. Kg7 Qe5+ 74. Kg8 Qg5+ 
75. Kf8 Qh6+ 76. Kg8 Qg5+ 77. Kf8 Ke6 78. h8=Q Qd8+ 79. Kg7 Qxh8+ 80. Kxh8 Kxf7 
1/2-1/2

[Event "Saturday Apr 14 Engine Tour 9 Rd Swiss 12m+1s Starts at 1600hrs ST"]
[Site "Infinity Chess"]
[Date "2018.4.14"]
[Round "9"]
[White "hafaba"]
[Black "THE_MACHINE"]
[Result "1/2-1/2 "]
[ECO "C50"]
[WhiteElo "2469"]
[BlackElo "2549"]
[WhiteEngine "Eman 1.70-beta18x 64-bit POPCNT_CTG"]
[BlackEngine "BrainFish_180411_x64_bmi2"]
[EventType "Swiss"]
[WhiteTeam ""]
[BlackTeam ""]
[PlyCount "164"]
[TimeControl "720+1"]

1. e4 e5 2. Nf3 Nc6 3. Bc4 Bc5 4. O-O Nf6 5. d3 a5 6. c3 d6 7. h3 O-O 8. Nbd2 h6 
9. Re1 Be6 10. Bb5 Qb8 11. Nf1 Qa7 12. Re2 a4 13. Ng3 Qa5 14. Bxc6 bxc6 
15. Nh4 Rfe8 16. Re1 d5 17. exd5 cxd5 18. Rxe5 Bf8 19. Qc2 c5 20. Bd2 Nd7 
21. Re2 c4 22. d4 a3 23. bxa3 Qa4 24. Qc1 Qxa3 25. Qe1 Nf6 26. Nf3 Ra6 
27. Bc1 Qe7 28. Ne5 Qc7 29. Bf4 Bd6 30. Rb1 Rea8 31. Reb2 Qd8 32. Re2 Qc7 
33. Reb2 Qd8 34. Qd1 Ne8 35. Ra1 Ba3 36. Re2 Bf8 37. a4 Bd6 38. Rea2 Qb8 
39. Qe1 R8a7 40. Ne2 Nf6 41. Qc1 Qa8 42. Qc2 Rb7 43. f3 Nh5 44. Bh2 Qe8 
45. Ng4 Be7 46. a5 Rb5 47. Be5 Qd7 48. Ne3 Qb7 49. Qc1 Nf6 50. Qf1 Bd8 
51. Nf4 Nd7 52. Nxe6 fxe6 53. Bg3 Raxa5 54. Rxa5 Bxa5 55. Qe1 Nf8 56. Bd6 Bc7 
57. Bxc7 Qxc7 58. Ng4 Qf4 59. h4 Qf5 60. Qg3 Kh7 61. h5 Nd7 62. Qd6 Nf6 
63. Nxf6+ Qxf6 64. Re1 Qg5 65. Qxe6 Qxh5 66. f4 Rb2 67. f5 Qg4 68. Qxd5 Rc2 
69. Qe4 Qxe4 70. Rxe4 Rxc3 71. d5 Rc2 72. g4 Rc1+ 73. Kf2 c3 74. Re1 Rc2+ 
75. Ke3 Rd2 76. Rc1 Rxd5 77. Rxc3 h5 78. Ke4 Rb5 79. g5 g6 80. Rc7+ Kg8 
81. Rc6 gxf5+ 82. Kf4 h4 1/2-1/2

[Event "Saturday Apr 14 Engine Tour 9 Rd Swiss 12m+1s Starts at 1600hrs ST"]
[Site "Infinity Chess"]
[Date "2018.4.14"]
[Round "9"]
[White "Time_bandit"]
[Black "RonWeasley"]
[Result "1/2-1/2"]
[ECO "C11"]
[WhiteElo "2465"]
[BlackElo "2497"]
[WhiteEngine "asmFishW_2018-02-02_popcnt"]
[BlackEngine "BrainFish 090218_CTG"]
[EventType "Swiss"]
[WhiteTeam ""]
[BlackTeam ""]
[PlyCount "96"]
[TimeControl "720+1"]

1. e4 e6 2. d4 d5 3. Nc3 Nf6 4. e5 Nfd7 5. f4 c5 6. Nf3 Nc6 7. Be3 cxd4 
8. Nxd4 Qb6 9. Qd2 Qxb2 10. Rb1 Qa3 11. Bb5 Nxd4 12. Bxd4 a6 13. Bxd7+ Bxd7 
14. Rb3 Qe7 15. Rxb7 Rc8 16. O-O Qd8 17. f5 exf5 18. Qd3 Bc5 19. Bxc5 Rxc5 
20. Nxd5 Bc8 21. Re7+ Kf8 22. Qa3 Qa5 23. Qxa5 Rxa5 24. Rc7 Be6 25. Nf4 Rxe5 
26. Nxe6+ Rxe6 27. Rxf5 Re7 28. Rc8+ Re8 29. Rfc5 Ke7 30. R8c6 g6 31. Rxa6 Rc8 
32. Re5+ Kf8 33. Ra7 Kg7 34. Ree7 Rhf8 35. h4 Rxc2 36. a4 Ra2 37. g3 Kh6 
38. g4 Kg7 39. g5 Rc2 40. a5 Rc4 41. Kh2 Rxh4+ 42. Kg3 Rh5 43. Kg4 h6 
44. gxh6+ Kxh6 45. Rxf7 Rxf7 46. Rxf7 Rg5+ 47. Kh3 Rxa5 48. Rf4 Ra3+ 1/2-1/2

[Event "Saturday Apr 14 Engine Tour 9 Rd Swiss 12m+1s Starts at 1600hrs ST"]
[Site "Infinity Chess"]
[Date "2018.4.14"]
[Round "9"]
[White "KRAKEN"]
[Black "star99"]
[Result "1/2-1/2"]
[ECO "A50"]
[WhiteElo "2532"]
[BlackElo "2400"]
[WhiteEngine "Raubfisch X38b_CTG"]
[BlackEngine "Cryptic Heroes 9.4B"]
[EventType "Swiss"]
[WhiteTeam ""]
[BlackTeam ""]
[PlyCount "109"]
[TimeControl "720+1"]

1. d4 Nf6 2. c4 c6 3. e3 d5 4. Nf3 Bf5 5. Nc3 e6 6. Nh4 Bg6 7. Nxg6 hxg6 
8. a3 Nbd7 9. c5 a5 10. Rb1 Be7 11. g3 e5 12. Bg2 e4 13. b4 axb4 14. axb4 Nf8 
15. Na4 Ne6 16. Bd2 g5 17. Nb6 Ra7 18. Ra1 Rxa1 19. Qxa1 Nd7 20. Nxd7 Qxd7 
21. b5 O-O 22. Qb2 f5 23. Bc3 Nc7 24. bxc6 bxc6 25. O-O f4 26. Rb1 Nb5 
27. Bd2 f3 28. Bf1 Bf6 29. Ra1 Rb8 30. Ba5 Bd8 31. Bxd8 Qxd8 32. Qc1 Qd7 
33. h3 Qb7 34. Rb1 Kf7 35. Kh2 g4 36. Bxb5 cxb5 37. c6 Qb6 38. Qc2 b4 39. c7 Rc8 
40. Qa4 Rxc7 41. Rxb4 Qh6 42. h4 Qc6 43. Qa5 Kf8 44. Rb6 Qc2 45. Qa3+ Kf7 
46. Rb2 Qc1 47. Qa2 Kg6 48. h5+ Kh7 49. Qxd5 Qxb2 50. Qxe4+ Kh8 51. Qe8+ Kh7 
52. Qg6+ Kh8 53. Qe8+ Kh7 54. Qe4+ Kh8 55. Qe8+ 1/2-1/2

[Event "Saturday Apr 14 Engine Tour 9 Rd Swiss 12m+1s Starts at 1600hrs ST"]
[Site "Infinity Chess"]
[Date "2018.4.14"]
[Round "8"]
[White "Dovahkiin"]
[Black "ocirema"]
[Result "1/2-1/2"]
[ECO "C50"]
[WhiteElo "2410"]
[BlackElo "2447"]
[WhiteEngine "Raubfisch ME262_GTZ16f_CTG"]
[BlackEngine "asmFishW_2018-04-08_popcnt_CTG"]
[EventType "Swiss"]
[WhiteTeam ""]
[BlackTeam ""]
[PlyCount "51"]
[TimeControl "720+1"]

1. e4 e5 2. Nf3 Nc6 3. Bc4 Bc5 4. O-O Nf6 5. d3 d6 6. c3 O-O 7. Bg5 h6 8. Bh4 a6 
9. Nbd2 Ba7 10. Bb3 g5 11. Bg3 Na5 12. Bc2 Nh5 13. b4 Nxg3 14. hxg3 Nc6 
15. Nc4 g4 16. Nh4 Qg5 17. Qe2 Be6 18. Bb3 Ne7 19. Ne3 h5 20. Rad1 Rae8 
21. Qd2 Bxe3 22. fxe3 Ng6 23. Nf5 Ne7 24. Nh4 Ng6 25. Nf5 Ne7 26. Nh4 1/2-1/2

[Event "Saturday Apr 14 Engine Tour 9 Rd Swiss 12m+1s Starts at 1600hrs ST"]
[Site "Infinity Chess"]
[Date "2018.4.14"]
[Round "8"]
[White "localhero"]
[Black "ivrdurant"]
[Result "1/2-1/2"]
[ECO "C65"]
[WhiteElo "2439"]
[BlackElo "2370"]
[WhiteEngine "asmFishW_2017-10-04_popcnt"]
[BlackEngine "Raubfisch ME262_GTZ16d4"]
[EventType "Swiss"]
[WhiteTeam ""]
[BlackTeam ""]
[PlyCount "88"]
[TimeControl "720+1"]

1. e4 e5 2. Nf3 Nc6 3. Bb5 Nf6 4. O-O Nxe4 5. d4 Nd6 6. Bxc6 dxc6 7. dxe5 Nf5 
8. Qxd8+ Kxd8 9. Nc3 Bd7 10. Rd1 Kc8 11. Ng5 Be8 12. Rd3 Be7 13. Nge4 b6 
14. b3 a5 15. Bb2 Bd7 16. a4 Be6 17. Ne2 g5 18. Nd6+ Bxd6 19. exd6 Rd8 
20. Bf6 Rxd6 21. Rxd6 cxd6 22. Bxg5 Kd7 23. Bf6 c5 24. Rd1 d5 25. Nf4 d4 
26. Re1 Rc8 27. g4 Ne7 28. Nxe6 fxe6 29. Bxe7 Kxe7 30. f4 c4 31. f5 Kf7 
32. Rxe6 b5 33. bxc4 bxa4 34. Re5 Rxc4 35. Rxa5 d3 36. cxd3 Rxg4+ 37. Kf2 Kf6 
38. h3 Rd4 39. Ke2 Rb4 40. Ke3 Rh4 41. Ra6+ Kxf5 42. Ra5+ Kf6 43. Ke2 Rxh3 
44. Rxa4 Rh2+ 1/2-1/2

[Event "Saturday Apr 14 Engine Tour 9 Rd Swiss 12m+1s Starts at 1600hrs ST"]
[Site "Infinity Chess"]
[Date "2018.4.14"]
[Round "8"]
[White "OlivierEvan"]
[Black "Time_bandit"]
[Result "0-1"]
[ECO "D20"]
[WhiteElo "2370"]
[BlackElo "2452"]
[WhiteEngine "Houdini 6"]
[BlackEngine "asmFishW_2018-02-02_popcnt"]
[EventType "Swiss"]
[WhiteTeam ""]
[BlackTeam ""]
[PlyCount "162"]
[TimeControl "720+1"]

1. d4 d5 2. c4 dxc4 3. e3 Nf6 4. Nf3 a6 5. Bxc4 e6 6. O-O c5 7. a4 Nc6 
8. Qe2 cxd4 9. Rd1 Be7 10. exd4 O-O 11. Nc3 Nd5 12. Qe4 Nf6 13. Qh4 Qa5 
14. Ne4 Nd5 15. Bg5 Qb4 16. Bxe7 Ncxe7 17. b3 b6 18. a5 Nf5 19. Qg5 bxa5 
20. h3 Qb6 21. Rac1 Qd8 22. Qd2 Bb7 23. Nc5 Ra7 24. Ne5 Ba8 25. Ra1 Qh4 
26. Nf3 Qd8 27. Bf1 h6 28. Ne5 Nb4 29. Bc4 Re7 30. f4 Rfe8 31. Qf2 Nd6 
32. Bd3 Bd5 33. Bb1 Nb7 34. Qg3 Nxc5 35. dxc5 Rb7 36. Bd3 Nxd3 37. Rxd3 Qc7 
38. c6 Bxc6 39. Rc1 Qb6+ 40. Kh2 Be4 41. Nc4 Qb4 42. Re3 Bd5 43. f5 Rc8 
44. f6 g6 45. Ne5 Rxc1 46. Nxg6 fxg6 47. Qxg6+ Kf8 48. Rg3 e5 49. Qxh6+ Ke8 
50. Qxc1 Kd7 51. f7 Qf8 52. Rg8 Qxf7 53. Qc8+ Kd6 54. Rd8+ Rd7 55. Rxd7+ Qxd7 
56. Qxa6+ Qc6 57. Qxa5 e4 58. Qd8+ Kc5 59. Qa5+ Qb5 60. Qc3+ Kb6 61. Kg1 Qc5+ 
62. Qxc5+ Kxc5 63. b4+ Kxb4 64. Kf2 Kc4 65. Ke3 Bc6 66. g3 Kd5 67. Ke2 Kd4 
68. g4 e3 69. g5 Be8 70. Ke1 Kd3 71. Kd1 e2+ 72. Ke1 Bf7 73. h4 Bg6 74. h5 Bxh5 
75. g6 Bxg6 76. Kf2 Kd2 77. Kg3 e1=Q+ 78. Kg4 Qe3 79. Kh4 Qg1 80. Kh3 Bf5+ 
81. Kh4 Qg4# 0-1

[Event "Saturday Apr 14 Engine Tour 9 Rd Swiss 12m+1s Starts at 1600hrs ST"]
[Site "Infinity Chess"]
[Date "2018.4.14"]
[Round "8"]
[White "Marsell"]
[Black "Thinker"]
[Result "1/2-1/2"]
[ECO "C53"]
[WhiteElo "2457"]
[BlackElo "2433"]
[WhiteEngine "BrainFish_180408_x64_bmi2"]
[BlackEngine "BrainFish_180408_x64_modern_CTG"]
[EventType "Swiss"]
[WhiteTeam ""]
[BlackTeam ""]
[PlyCount "119"]
[TimeControl "720+1"]

1. e4 e5 2. Nf3 Nc6 3. Bc4 Bc5 4. c3 Nf6 5. d3 O-O 6. O-O d6 7. h3 a6 8. Re1 Ba7 
9. Bb3 h6 10. Nbd2 Re8 11. Nf1 Be6 12. Bc2 d5 13. Qe2 b5 14. Bd2 Qd7 15. Ng3 d4 
16. a4 Bc5 17. Rec1 Qd6 18. Nh4 Ne7 19. Qe1 Bb6 20. Nf3 Nc6 21. Rab1 Red8 
22. b4 dxc3 23. Bxc3 Rac8 24. Qd2 Nh7 25. a5 Ba7 26. Ba1 f6 27. Nf5 Bxf5 
28. exf5 Nf8 29. Qe1 Kh8 30. Bd1 Qxd3 31. Bc2 Qd7 32. Be4 Ne7 33. Rd1 Qe8 
34. Rxd8 Rxd8 35. Rc1 c6 36. Bc3 Nh7 37. h4 Qh5 38. Qe2 Nf8 39. Qc2 Rd6 
40. Re1 Nd7 41. Rd1 Nd5 42. Be1 Kh7 43. Rc1 Nb8 44. g3 Nd7 45. Qd1 Qf7 
46. Qd3 Kh8 47. Qc2 Ne7 48. Rd1 Bd4 49. g4 Qg8 50. Kg2 c5 51. Nxd4 Rxd4 
52. Rxd4 cxd4 53. Qc7 Nd5 54. Qxd7 Nf4+ 55. Kg3 Qb3+ 56. Bf3 Ne2+ 57. Kg2 Nf4+ 
58. Kg3 Ne2+ 59. Kg2 Nf4+ 60. Kg3 1/2-1/2

[Event "Saturday Apr 14 Engine Tour 9 Rd Swiss 12m+1s Starts at 1600hrs ST"]
[Site "Infinity Chess"]
[Date "2018.4.14"]
[Round "8"]
[White "Susanne"]
[Black "hafaba"]
[Result "1/2-1/2"]
[ECO "C55"]
[WhiteElo "2497"]
[BlackElo "2468"]
[WhiteEngine "BrainFish_180411_x64_bmi2_CTG"]
[BlackEngine "Eman 1.70-beta18x 64-bit POPCNT_CTG"]
[EventType "Swiss"]
[WhiteTeam ""]
[BlackTeam ""]
[PlyCount "146"]
[TimeControl "720+1"]

1. e4 e5 2. Nf3 Nc6 3. Bc4 Nf6 4. d3 Bc5 5. O-O d6 6. c3 O-O 7. Nbd2 a5 
8. Re1 Be6 9. Bb5 Ne7 10. d4 Ba7 11. Nf1 exd4 12. Nxd4 Ng6 13. Ba4 h6 
14. Be3 Bc8 15. Bc2 Re8 16. f3 d5 17. exd5 Qxd5 18. Qd2 Bd7 19. Ng3 Rad8 
20. Rad1 a4 21. b3 Qa5 22. Bf2 b5 23. Kh1 Qa6 24. Qc1 Rxe1+ 25. Rxe1 Bc5 
26. Rd1 Re8 27. Qd2 Ba7 28. Bg1 Ne5 29. h3 Bc5 30. Ne6 Qxe6 31. Bxc5 Bc6 
32. Rf1 Bd5 33. Qd1 axb3 34. axb3 g6 35. Kg1 h5 36. Rf2 h4 37. Nf1 Nc6 
38. Be3 Na5 39. b4 Nc6 40. Bg5 Bc4 41. f4 Ne7 42. Qd4 Nfd5 43. f5 gxf5 
44. Bxe7 Rxe7 45. Qxh4 Qf6 46. Qxf6 Nxf6 47. Nd2 Nd5 48. Rxf5 Re1+ 49. Kh2 Ne3 
50. Rg5+ Kf8 51. Nxc4 bxc4 52. Bh7 Rc1 53. Kg3 Rxc3 54. Kf2 Rb3 55. Rc5 Kg7 
56. Be4 Nd1+ 57. Ke1 Ne3 58. Ke2 f5 59. Bxf5 Nxg2 60. Rxc4 c5 61. Rg4+ Kf6 
62. Be4 Ne3 63. Rg3 cxb4 64. Rxe3 Rxe3+ 65. Kxe3 b3 66. Kf4 Kg7 67. Bb1 Kh8 
68. h4 Kg8 69. h5 Kg7 70. h6+ Kh8 71. h7 b2 72. Ba2 Kg7 73. Kf5 Kxh7 1/2-1/2

[Event "Saturday Apr 14 Engine Tour 9 Rd Swiss 12m+1s Starts at 1600hrs ST"]
[Site "Infinity Chess"]
[Date "2018.4.14"]
[Round "8"]
[White "Seliga"]
[Black "KRAKEN"]
[Result "0-1"]
[ECO "A22"]
[WhiteElo "2472"]
[BlackElo "2518"]
[WhiteEngine "SF9 ''A5x''_CTG"]
[BlackEngine "Raubfisch X38b_CTG"]
[EventType "Swiss"]
[WhiteTeam ""]
[BlackTeam ""]
[PlyCount "100"]
[TimeControl "720+1"]

1. c4 e5 2. Nc3 Nf6 3. g3 Bb4 4. Bg2 O-O 5. Nf3 Re8 6. O-O e4 7. Ng5 Bxc3 
8. bxc3 h6 9. Nh3 Nc6 10. Nf4 d6 11. Nd5 Bg4 12. h3 Be6 13. Ne3 d5 14. cxd5 Nxd5 
15. Qc2 Nxe3 16. fxe3 f5 17. d3 Qg5 18. Kh2 Rad8 19. Rb1 b6 20. c4 Ne5 
21. dxe4 fxe4 22. Rf4 Nxc4 23. Bxe4 Qh5 24. g4 Qc5 25. Rb3 Qd6 26. Rd3 Qe5 
27. Kh1 b5 28. Bh7+ Kh8 29. Bg6 Rf8 30. e4 a5 31. Bf5 a4 32. Kg2 Rde8 33. Rf2 c5 
34. Kg1 Rf7 35. Bf4 Qf6 36. Qc1 Bxf5 37. exf5 Qc6 38. Bg3 Kg8 39. Qc2 Rff8 
40. Rc3 Qe4 41. Qxe4 Rxe4 42. Rd3 b4 43. Rf4 Rxf4 44. Bxf4 Ra8 45. Kf2 a3 
46. Bc1 Nb2 47. Rb3 Nd1+ 48. Ke1 Nc3 49. Rxc3 bxc3 50. Kd1 Kf7 0-1

[Event "Saturday Apr 14 Engine Tour 9 Rd Swiss 12m+1s Starts at 1600hrs ST"]
[Site "Infinity Chess"]
[Date "2018.4.14"]
[Round "8"]
[White "THE_MACHINE"]
[Black "MCDermont"]
[Result "1/2-1/2"]
[ECO "C55"]
[WhiteElo "2552"]
[BlackElo "2482"]
[WhiteEngine "BrainFish_180411_x64_bmi2"]
[BlackEngine "BrainFish 090218"]
[EventType "Swiss"]
[WhiteTeam ""]
[BlackTeam ""]
[PlyCount "106"]
[TimeControl "720+1"]

1. e4 e5 2. Nf3 Nc6 3. Bc4 Nf6 4. d3 Bc5 5. O-O d6 6. c3 O-O 7. Nbd2 a5 
8. Re1 Be6 9. Bb5 Ne7 10. d4 Ba7 11. h3 Ng6 12. Ba4 Nh5 13. Nf1 Nhf4 14. Bc2 Qd7 
15. Ne3 exd4 16. Nxd4 Bxd4 17. cxd4 d5 18. exd5 Nxd5 19. Nxd5 Bxd5 20. Qd3 Qd6 
21. Bd2 Rfe8 22. Re3 Rf8 23. Qf5 Rfe8 24. Rxe8+ Rxe8 25. Re1 Rxe1+ 26. Bxe1 b6 
27. a3 Be6 28. Qe4 Qd7 29. f3 Qd6 30. b4 axb4 31. Bxb4 Qd8 32. Qe3 Nf8 
33. Be4 Bd5 34. Bxd5 Qxd5 35. Qe4 c6 36. Qxd5 cxd5 37. Bxf8 Kxf8 38. Kf2 Ke7 
39. Ke3 Ke6 40. g3 Kd7 41. Kf4 Ke6 42. a4 h6 43. g4 g5+ 44. Ke3 Kd6 45. Kd3 Kc6 
46. Kc3 b5 47. Kb4 bxa4 48. Kxa4 Kb6 49. Kb4 f6 50. Ka4 Ka6 51. Kb4 Kb6 
52. Ka4 Ka6 53. Kb4 Kb6 1/2-1/2

[Event "Saturday Apr 14 Engine Tour 9 Rd Swiss 12m+1s Starts at 1600hrs ST"]
[Site "Infinity Chess"]
[Date "2018.4.14"]
[Round "8"]
[White "RonWeasley"]
[Black "Murx"]
[Result "1/2-1/2"]
[ECO "D30"]
[WhiteElo "2498"]
[BlackElo "2483"]
[WhiteEngine "BrainFish 090218_CTG"]
[BlackEngine "asmFishW_2018-04-07_popcnt"]
[EventType "Swiss"]
[WhiteTeam ""]
[BlackTeam ""]
[PlyCount "106"]
[TimeControl "720+1"]

1. d4 d5 2. c4 e6 3. Nf3 Nf6 4. Nc3 c6 5. Bg5 h6 6. Bxf6 Qxf6 7. e3 Nd7 
8. Be2 g6 9. O-O Bg7 10. e4 dxe4 11. Nxe4 Qf4 12. Qc2 f5 13. Ned2 c5 14. g3 Qc7 
15. Nh4 Bxd4 16. Nxg6 Rg8 17. Nh4 Nf6 18. Ndf3 Rxg3+ 19. hxg3 Qxg3+ 20. Ng2 Ng4 
21. Qd2 Bxf2+ 22. Rxf2 Qxf2+ 23. Kh1 Bd7 24. Ne5 O-O-O 25. Nxg4 fxg4 26. Rd1 h5 
27. b3 b6 28. Qd3 Qf5 29. Kg1 Qxd3 30. Rxd3 Be8 31. Kf2 Rxd3 32. Bxd3 Kd7 
33. Kg3 Ke7 34. Nf4 Kf6 35. Kh4 Ke5 36. Ne2 a6 37. Bc2 b5 38. cxb5 Bxb5 
39. Bd1 Be8 40. Bc2 Bb5 41. Ng3 Kd4 42. Nxh5 c4 43. bxc4 Bxc4 44. a3 Kc3 
45. Be4 Kd4 46. Bc6 Kc3 47. a4 Bb3 48. Nf4 Bc4 49. Kxg4 Kb4 50. Kf3 e5 
51. Ng6 Bb3 52. Nxe5 Bxa4 53. Bxa4 Kxa4 1/2-1/2

[Event "Saturday Apr 14 Engine Tour 9 Rd Swiss 12m+1s Starts at 1600hrs ST"]
[Site "Infinity Chess"]
[Date "2018.4.14"]
[Round "7"]
[White "ivrdurant"]
[Black "OlivierEvan"]
[Result "1-0"]
[ECO "C16"]
[WhiteElo "2353"]
[BlackElo "2387"]
[WhiteEngine "Raubfisch ME262_GTZ16d4"]
[BlackEngine "Houdini 6"]
[EventType "Swiss"]
[WhiteTeam ""]
[BlackTeam ""]
[PlyCount "161"]
[TimeControl "720+1"]

1. e4 e6 2. d4 d5 3. Nc3 Bb4 4. e5 Ne7 5. a3 Bxc3+ 6. bxc3 c5 7. Qg4 O-O 
8. Bd3 Nbc6 9. Nf3 f5 10. Qg3 Qa5 11. Bd2 c4 12. Be2 h6 13. O-O Kh7 14. h4 Bd7 
15. h5 Be8 16. Qh3 b5 17. Rfd1 Kh8 18. Nh4 Qa4 19. Rdc1 Qa5 20. Bf4 Qd8 
21. Kh1 a5 22. Rg1 Ra7 23. Bd2 g5 24. hxg6 Nxg6 25. Nxg6+ Bxg6 26. Rab1 Qe8 
27. Bf4 Rh7 28. Kh2 b4 29. axb4 axb4 30. Rh1 Rg8 31. Kg1 Qa8 32. Rd1 Qa7 
33. Bxh6 Be8 34. Qe3 Rg6 35. cxb4 Nxb4 36. c3 Nd3 37. Rb1 Qe7 38. Rh3 f4 
39. Bxf4 Rxh3 40. Qxh3+ Qh7 41. Qe3 Qh4 42. Bg3 Qe4 43. Qxe4 dxe4 44. Rb8 Rg8 
45. Rb6 Bf7 46. Rb7 Rg7 47. Bh4 Kg8 48. Bf6 Nf4 49. Bf1 Rg4 50. g3 Nd5 
51. Bxc4 Nxc3 52. Kh2 Nd5 53. f3 Nxf6 54. fxg4 Nxg4+ 55. Kh3 Ne3 56. Bb3 Nf5 
57. Rd7 e3 58. Rd8+ Kg7 59. Bc4 Bg6 60. g4 Ne7 61. Kg3 Bc2 62. Bxe6 Ba4 
63. Kf3 e2 64. Kxe2 Nc6 65. Rd6 Nb4 66. Ke3 Nc2+ 67. Kf4 Kf8 68. Bf5 Nb4 
69. Be4 Ke7 70. g5 Na2 71. Bc6 Bxc6 72. Rxc6 Nb4 73. Rd6 Nd3+ 74. Kf5 Nb4 
75. g6 Nc2 76. g7 Ne3+ 77. Kg6 Nc4 78. Rd5 Nxe5+ 79. dxe5 Ke8 80. g8=Q+ Ke7 
81. Qf7# 1-0